 Dungeon Crawl Stone Soup version 0.27-a0-1312-g5cdb2b3542 (webtiles) character file.

Game seed: 17596642493240977888

70 dracfodder the Sneak (level 4, -4/23 HPs)
             Began as a Spriggan Brigand on June 20, 2021.
             Slain by Robin (5 damage)
             ... on level 2 of the Dungeon.
             The game lasted 00:20:34 (1777 turns).

dracfodder the Sneak (Spriggan Brigand)             Turns: 1777, Time: 00:20:34

Health: -4/23      AC:  3    Str:  7    XL:     4   Next: 4%
Magic:  5/5        EV: 16    Int: 12    God:
Gold:   123        SH:  0    Dex: 17    Spells: 3/3 levels left

rFire    . . .     SeeInvis +   a - +2 dagger (freeze)
rCold    . . .     Faith    .   (shield restricted)
rNeg     . . .     Spirit   .   b - +0 robe
rPois    .         Reflect  .   (helmet restricted)
rElec    .         Harm     .   c - +0 cloak
rCorr    .         Rampage  .   (gloves unavailable)
Will     .....                  (boots unavailable)
Stlth    ++++......             (no amulet)
HPRegen  0.07/turn              (no ring)
MPRegen  0.09/turn              (no ring)

@: very quick
A: very small, no large weapons, unfitting armour, see invisible, speed 3
a: no special abilities


You were on level 2 of the Dungeon.
You visited 1 branch of the dungeon, and saw 3 of its levels.

You collected 153 gold pieces.
You spent 30 gold pieces at shops.

Inventory:

Hand Weapons
 a - a +2 dagger of freezing (weapon)
 f - a +1 spear of venom
Missiles
 e - a curare-tipped dart
 i - 30 stones (quivered)
 j - 29 bolts
Armour
 b - a +0 robe (worn)
 c - a +0 cloak (worn)
Potions
 g - a potion of flight {unknown}
 h - a potion of resistance {unknown}
 l - 2 potions of heal wounds {unknown}


   Skills:
 + Level 1.7 Fighting
 * Level 2.8 Short Blades
 + Level 2.3 Throwing
 + Level 1.7 Dodging
 * Level 7.6 Stealth


You had 3 spell levels left.
You didn't know any spells.
Your spell library was empty.

Dungeon Overview and Level Annotations

Branches:
Dungeon (3/15)

Altars:

Shops:
D:1 !

Annotations:
D:2 Robin


Innate Abilities, Weirdness & Mutations

You are very small and have problems with some larger weapons.
You are too small for most types of armour.
You have supernaturally acute eyesight. (SInv)
You cover ground extremely quickly. (Speed+++)


Message History

The goblin is heavily wounded.
The goblin closely misses you.
You closely miss the goblin.
The goblin is heavily wounded.
Robin hits you with a +0 dagger.
You hit the goblin. You freeze the goblin.
You kill the goblin!
You see here a +0 club.
You hit Robin. You freeze Robin.
Robin is lightly wounded.
Robin throws the goblin at you! The goblin closely misses you.
You hit Robin. You freeze Robin.
Robin is moderately wounded.
Robin barely misses you. The goblin barely misses you.
You hit Robin. You freeze Robin.
Robin is heavily wounded.
Robin hits you with a +0 dagger.
* * * LOW HITPOINT WARNING * * *
You closely miss the goblin. The goblin hits you but does no damage.
Robin misses you.
Unknown command.
You hit the goblin. You freeze the goblin.
You kill the goblin!
Robin says, "Kneel, worm!"
Robin hits you with a +0 dagger.
* * * LOW HITPOINT WARNING * * *
You see here a +0 club.
Throw: 32 stones
Press: ? - help, Q - select action, (/) - cycle Shift-Dir - straight line, f - Robin
Aim: Robin, wielding a +0 dagger, wearing a +0 animal skin and wearing a +0 helmet (heavily wounded, 68% to hit)
You throw a stone. The stone hits Robin.
Robin is severely wounded.
Throw: 31 stones
Press: ? - help, Q - select action, (/) - cycle Shift-Dir - straight line, f/p - Robin
Aim: Robin, wielding a +0 dagger, wearing a +0 animal skin and wearing a +0 helmet (severely wounded, 68% to hit)
You throw a stone. The stone closely misses Robin.
You hit Robin but do no damage.
Robin is severely wounded.
Robin hits you with a +0 dagger.
You die...

###.#...
.........#####.##
....#..#
#(.........
###.#..#
#)##g......
###.#..# #(#
.###.## ....#..#
#)# g#
###....##### #)#
(# ...........#
#.# .#
####...###.# #g#
.# .......# #.#
#@# (# ####..##
#.# #.# #..# #.#
#.#
####..####.#####.#
...........<.....#
##########.#######
#>..# #.### #.#


You could see Robin.

Vanquished Creatures
  An adder (D:2)
  A worm (D:2)
  2 dart slugs (D:1)
  4 endoplasms
  2 giant cockroaches
  9 goblins
  5 hobgoblins
  6 jackals (D:2)
  4 quokkas
  3 ball pythons (D:1)
  2 bats (D:1)
  5 frilled lizards
  2 kobolds (D:1)
  3 rats
49 creatures vanquished.

Notes
Turn   | Place    | Note
-------+----------+-------------------------------------------
     0 | D:1      | dracfodder the Spriggan Brigand began the quest for the
                  | Orb.
     0 | D:1      | Reached XP level 1. HP: 10/10 MP: 2/2
    51 | D:1      | Reached skill level 6 in Stealth
   165 | D:1      | Reached XP level 2. HP: 12/14 MP: 3/3
   544 | D:2      | Reached skill level 7 in Stealth
   595 | D:1      | Reached XP level 3. HP: 14/18 MP: 4/4
   997 | D:1      | Found Qainuigu's Distillery.
  1003 | D:1      | Bought a potion of curing for 30 gold pieces
  1476 | D:2      | Found a faded altar of an unknown god.
  1746 | D:2      | Noticed Robin
  1752 | D:2      | Reached XP level 4. HP: 22/23 MP: 5/5
  1770 | D:2      | HP: 1/23 [Robin (5)]
  1777 | D:2      | Slain by Robin

Illustrated notes

Levels and vault maps discovered:
D:1:      evilmike_arrival_hilbert_curve, layout_loops_ring, serial_shops, shop
D:2:      layout_loops_ring, shapermc_ecumenical_altar_flowoftime, serial_shops,
          nicolae_diamond_shop, uniq_robin
D:3:      layout_loops_ring

Skill      XL: |  1  2 |
---------------+-------+-----
Stealth        | 6 7 |  7.6
Fighting       | |  1.7
Short Blades   | |  2.8
Throwing       | |  2.3
Dodging        | |  1.7

Action                   |  1- 3 |  4- 6 || total
-------------------------+-------+-------++-------
Melee: Dagger            |   102 |    15 ||   117
Throw: Dart              |    56 |       ||    56
       Stone             |     3 |     2 ||     5
  Use: Scroll            |     2 |       ||     2
       Potion            |     1 |       ||     1
 Stab: Sleeping          |     5 |       ||     5
       Distracted        |     1 |       ||     1
Armor: Robe              |    10 |     1 ||    11
Dodge: Dodged            |    62 |    12 ||    74

Table legend: (Time is in decaauts)
 A = Elapsed time spent in this place.
 B = Non-inter-level travel time spent in this place.
 C = Inter-level travel time spent in this place.
 D = Time resting spent in this place.
 E = Time spent auto-exploring this place.
 F = Levels seen in this place.
 G = Mean time per level.
                   A        B        C        D        E       F      G
               +--------+--------+--------+--------+--------+-----+--------+
         Total |   1259 |   1259 |      0 |    177 |    282 |   3 |  419.7 |
       Dungeon |   1259 |   1259 |      0 |    177 |    282 |   3 |  419.7 |
               +--------+--------+--------+--------+--------+-----+--------+

Top non-repeatable levels by time:
     D:1: 857 daAuts
     D:2: 400 daAuts
     D:3: 1 daAuts
